 Dungeon Crawl Stone Soup version 0.17.1-3-g152610e (webtiles) character file.

9627 manyhoops the Thaumaturge (level 11, -3/57 HPs)
             Began as a Deep Elf Ice Elementalist on Apr 16, 2016.
             Was a Believer of Vehumet.
             Slain by an air elemental (12 damage)
             ... created by the adversity of Qazlal
             ... on level 1 of the Lair of Beasts.
             The game lasted 01:01:47 (13516 turns).

manyhoops the Thaumaturge (DEIE)                   Turns: 13516, Time: 01:01:47

Health: -3/57      AC: 10    Str: 12    XL:     11   Next: 25%
Magic:  24/31      EV: 13    Int: 23    God:    Vehumet [**....]
Gold:   320        SH:  0    Dex: 15    Spells: 7 memorised, 19 levels left

rFire  . . .     SeeInvis .     n - +0 trident of the Messenger {pain, Stlth+}
rCold  . . .     Clarity  .     a - +1 robe
rNeg   . . .     SustAt   .     (no shield)
rPois  .         Gourm    .     (no helmet)
rElec  .         Spirit   .     A - +2 cloak
rCorr  .         Warding  .     G - +0 pair of gloves
rMut   .         Stasis   .     M - +2 pair of boots
MR     +....                    y - amulet of rage
Stlth  ++++......               (no ring)
                                t - +6 ring of strength

@: about to teleport, somewhat resistant to hostile enchantments, stealthy
A: no striking features
a: Renounce Religion, Evoke Berserk Rage


You were on level 1 of the Lair of Beasts.
You worshipped Vehumet.
Vehumet was pleased with you.
You were not hungry.

You visited 3 branches of the dungeon, and saw 14 of its levels.

You collected 490 gold pieces.
You spent 170 gold pieces at shops.

Inventory:

Hand Weapons
 n - the +0 trident of the Messenger (weapon) {pain, Stlth+}
   (You bought it in a shop on level 5 of the Dungeon)

   In the hands of one skilled in necromantic magic, it inflicts extra damage on
   living creatures.
   It makes you more stealthy.
Missiles
 q - a throwing net (quivered)
Armour
 a - a +1 robe (worn)
 A - a +2 cloak (worn)
 G - a +0 pair of gloves (worn)
 M - a +2 pair of boots (worn)
Jewellery
 t - a +6 ring of strength (left hand)
 y - an amulet of rage (around neck)
Wands
 p - a wand of flame (40)
 z - a wand of fireball (6)
 N - a wand of random effects (21)
 O - a wand of teleportation (3)
Scrolls
 e - 5 scrolls of remove curse
 f - 4 scrolls of teleportation
 g - a scroll of silence {unknown}
 h - a scroll of immolation {unknown}
 s - 3 scrolls of magic mapping
 v - 2 scrolls of fog
 x - 2 scrolls of recharging
 D - 2 scrolls of random uselessness {unknown}
 K - a scroll of brand weapon {unknown}
 L - a scroll of fear {unknown}
Potions
 d - a potion of invisibility
 i - 3 potions of brilliance
 k - a potion of resistance {unknown}
 o - a potion of cancellation {unknown}
 r - a potion of mutation {unknown}
 C - 2 potions of flight
 H - a potion of ambrosia {unknown}
 I - a potion of magic {unknown}
 P - 2 potions of curing
Books
 b - a book of Frost

   Spells                             Type                      Level
   a - Freeze                         Ice                          1
   b - Throw Frost                    Conjuration/Ice              2
   c - Ozocubu's Armour               Charms/Ice                   3
   d - Throw Icicle                   Conjuration/Ice              4
   e - Summon Ice Beast               Ice/Summoning                4
   f - Condensation Shield            Ice                          4
 j - a Grand Grimoire

   Spells                             Type                      Level
   a - Monstrous Menagerie            Summoning                    6
   b - Summon Greater Demon           Summoning                    7
   c - Malign Gateway                 Summoning/Translocation      7
   d - Summon Horrible Things         Summoning                    8
 l - a book of Dreams

   Spells                             Type                      Level
   a - Ensorcelled Hibernation        Hexes/Ice                    2
   b - Phase Shift                    Translocation                5
   c - Shadow Creatures               Summoning                    5
   d - Silence                        Hexes/Air                    5
   e - Darkness                       Hexes                        6
   f - Mass Confusion                 Hexes                        6
 E - a book of Transfigurations

   Spells                             Type                      Level
   a - Stoneskin                      Transmutation/Earth          2
   b - Irradiate                      Conjuration/Transmutation    5
   c - Statue Form                    Transmutation/Earth          6
   d - Hydra Form                     Transmutation                6
   e - Dragon Form                    Transmutation                7
Comestibles
 c - 4 bread rations
 m - 5 meat rations
 u - 2 slices of pizza
 w - 12 royal jellies
 B - 4 beef jerkies
 F - a chunk of flesh
 J - 3 fruits


   Skills:
 * Level 2.0 Fighting
 - Level 2.4 Dodging
 - Level 4.7 Stealth
 + Level 14.5 Spellcasting
 - Level 9.3 Conjurations
 - Level 1.2 Summonings
 - Level 10.9 Ice Magic


You had 19 spell levels left.
You knew the following spells:

 Your Spells              Type           Power        Failure   Level  Hunger
a - Freeze                Ice            ####         1%          1    None
b - Throw Frost           Conj/Ice       ######       1%          2    None
c - Ozocubu's Armour      Chrm/Ice       #####...     1%          3    None
d - Condensation Shield   Ice            ######....   1%          4    None
e - Throw Icicle          Conj/Ice       ######..     1%          4    None
f - Summon Ice Beast      Ice/Summ       #####...     3%          4    None
g - Ensorcelled Hibernat  Hex/Ice        #####.       1%          2    None


Dungeon Overview and Level Annotations

Branches:
Dungeon (11/15)            Temple (1/1) D:7            Lair (2/8) D:8
    Orc (0/4) D:10

Altars:
Ashenzari
Cheibriados
Dithmenos
Elyvilon
Fedhas
Gozag
Kikubaaqudgha
Makhleb
Nemelex Xobeh
Okawaru
Qazlal
Ru
Sif Muna
Trog
Vehumet
Xom
Yredelemnul
Zin
The Shining One

Shops:
D:5 (   D:10 }(((

Annotations:
D:4 Tobisume's ghost, amateur DsGl
D:7 execc's ghost, novice VSMo


Message History

As you read the scroll of teleportation, it crumbles to dust.
You feel strangely unstable. The air elemental hits you!
The air elemental hits you but does no damage.
The water elemental closely misses you.
Casting: Throw Icicle
Confirm with . or Enter, or press ? or * to list all spells.
Aiming: Throw Icicle
Press: ? - help, Shift-Dir - straight line, f - air elemental
Aim: an air elemental (durably summoned)
The shard of ice hits the air elemental.
The air elemental is lightly damaged.
The air elemental closely misses you. The air elemental hits you.
The water elemental hits you!
The water elemental engulfs you in water!
The air elemental hits you!
* * * LOW HITPOINT WARNING * * *
With effort, you pull free of the water engulfing you.
You gasp with relief as air once again reaches your lungs.
The air elemental hits you!
You die...

##.##.##..###.##.##.# #.
#..P#.#...# #.P#.##.###.
##.E......###...........
#..#.PE.......#.##.##.#
#..###....###...##.####
##.###....# #.......
###...E.#..###.P.#.#.P
#......E...............
P.##...@#..##..####...#.
##....†.#..#..# ..###
#.#............
#.......#.#.P .
###?#..#..# #.##.#..#
.......... #.###.#.....
.% .# ..#


You could see an earth elemental, a water elemental and an air elemental.

Vanquished Creatures
  Erolcha (D:8)
  Maurice (D:8)
  2 gargoyles (D:11)
  A wyvern (D:9)
  6 yaks
  A two-headed ogre (D:11)
  3 hippogriffs
  Menkaure (D:5)
  4 water moccasins
  A soldier ant (D:8)
  A necrophage (D:11)
  4 ice beasts
  3 sky beasts
  A wasp (D:8)
  A black bear (Lair:1)
  A spider (D:8)
  5 centaurs
  5 orc warriors (D:10)
  A crocodile (Lair:1)
  9 ogres
  5 giant frogs
  3 big kobolds
  Blork the orc (D:5)
  4 scorpions
  A wyvern skeleton (D:8)
  A jelly (D:10)
  5 killer bees (D:10)
  3 crimson imps
  7 hounds
  2 orc priests
  4 centaur skeletons
  2 giant frog skeletons
  7 iguanas
  7 worker ants
  8 orc wizards
  A sheep (D:8)
  3 hound zombies
  7 gnolls
  4 river rats (D:6)
  11 adders
  5 shadow imps
  An ooze (D:2)
  2 worms (D:2)
  An adder skeleton (D:7)
  3 adder zombies
  36 orcs
  A ball python (D:5)
  7 bats
  4 giant cockroaches
  4 hobgoblins
  22 jackals
  16 kobolds
  A giant cockroach zombie (D:5)
  2 giant gecko skeletons
  A giant gecko zombie (D:7)
  3 giant newts
  9 goblins
  3 quokkas
  6 rats
265 creatures vanquished.

Vanquished Creatures (collateral kills)
  Pikel (D:8)
  An elephant (D:8)
  4 slaves (D:8)
  An ice beast (D:8)
  A crocodile (D:8)
  2 giant frogs
  A wight (D:10)
  An orc priest (D:8)
  A hound (D:8)
  An iguana (D:7)
  An adder (D:7)
  A shadow imp (D:7)
  8 orcs
  A quokka (D:10)
25 creatures vanquished.

Vanquished Creatures (others)
  2 water elementals (D:10)
  A fungus (Lair:1)
3 creatures vanquished.

Grand Total: 293 creatures vanquished

Notes
Turn   | Place    | Note
--------------------------------------------------------------
     0 | D:1      | manyhoops the Deep Elf Ice Elementalist began the quest for the Orb.
     0 | D:1      | Reached XP level 1. HP: 10/10 MP: 6/6
   337 | D:1      | Reached XP level 2. HP: 15/15 MP: 5/8
   524 | D:1      | Learned a level 2 spell: Throw Frost
  1135 | D:2      | Reached XP level 3. HP: 19/19 MP: 6/10
  1136 | D:2      | Reached skill level 4 in Ice Magic
  1141 | D:2      | Learned a level 3 spell: Ozocubu's Armour
  1174 | D:2      | Found a shattered altar of Ashenzari.
  1822 | D:3      | Reached XP level 4. HP: 24/24 MP: 4/12
  2039 | D:3      | Found a deep blue altar of Sif Muna.
  2251 | D:3      | Learned a level 4 spell: Condensation Shield
  2788 | D:3      | Reached skill level 5 in Spellcasting
  2788 | D:3      | Reached XP level 5. HP: 25/28 MP: 7/14
  2813 | D:4      | Found a stormy altar of Qazlal.
  2859 | D:4      | Found a burning altar of Makhleb.
  2867 | D:4      | Noticed Tobisume's ghost (amateur DsGl)
  2928 | D:4      | Reached skill level 5 in Ice Magic
  3438 | D:4      | Noticed an ogre
  3465 | D:4      | Killed an ogre
  3465 | D:4      | Reached XP level 6. HP: 32/32 MP: 8/16
  3474 | D:4      | Learned a level 4 spell: Throw Icicle
  3477 | D:4      | Noticed a centaur
  3489 | D:4      | Killed a centaur
  3489 | D:4      | Reached skill level 6 in Spellcasting
  3533 | D:4      | Found a bloodstained altar of Trog.
  3737 | D:4      | Found a glowing silver altar of Zin.
  3760 | D:5      | Entered Level 5 of the Dungeon
  3768 | D:5      | Noticed a water moccasin
  3776 | D:5      | Killed a water moccasin
  3776 | D:5      | Reached XP level 7. HP: 30/36 MP: 6/19
  3862 | D:5      | Learned a level 4 spell: Summon Ice Beast
  3918 | D:5      | Found a glowing golden altar of the Shining One.
  3926 | D:5      | Found a basalt altar of Yredelemnul.
  3933 | D:5      | Reached skill level 7 in Spellcasting
  3934 | D:5      | Noticed a profane servitor
  3942 | D:5      | Noticed an angel
  4005 | D:5      | Noticed Blork the orc
  4585 | D:5      | Killed Blork the orc
  4694 | D:5      | Found Xoaziof's Antique Weapon Boutique.
  4698 | D:5      | Bought an ichor-stained trident for 170 gold pieces
  4698 | D:5      | Identified the cursed +0 trident of the Messenger {pain, Stlth+} (You bought it in a shop on level 5 of the Dungeon)
  4854 | D:5      | Noticed Menkaure
  5084 | D:5      | Killed Menkaure
  5084 | D:5      | Reached skill level 8 in Spellcasting
  5084 | D:5      | Reached XP level 8. HP: 15/41 MP: 4/22
  5443 | D:5      | HP: 2/41 [centaur (10)]
  5629 | D:6      | Reached skill level 9 in Spellcasting
  5629 | D:6      | Reached skill level 5 in Conjurations
  5916 | D:6      | Found a shimmering altar of Xom.
  6433 | D:7      | Found Kuaroha's Quality Used Wands.
  6444 | D:7      | Reached XP level 9. HP: 45/45 MP: 12/24
  6450 | D:7      | Reached skill level 10 in Spellcasting
  6701 | D:7      | Noticed execc's ghost (novice VSMo)
  6815 | D:7      | Reached skill level 1 in Summonings
  7032 | D:7      | Found a staircase to the Ecumenical Temple.
  7060 | Temple   | Entered the Ecumenical Temple
  7357 | D:8      | Noticed Pikel
  7394 | D:8      | Killed Pikel
  7536 | D:8      | Noticed Erolcha
  7542 | D:8      | Killed Erolcha
  7542 | D:8      | Reached skill level 11 in Spellcasting
  7798 | D:8      | Found a staircase to the Lair.
  7798 | D:8      | Noticed an elephant
  7826 | D:8      | Killed an elephant
  8087 | D:8      | Noticed Maurice
  8106 | D:8      | Killed Maurice
  8106 | D:8      | Reached XP level 10. HP: 40/50 MP: 1/27
  8325 | D:8      | Reached skill level 10 in Ice Magic
  8415 | D:8      | Reached skill level 12 in Spellcasting
  9033 | D:4      | Found a sparkling altar of Nemelex Xobeh.
  9129 | D:4      | Became a worshipper of Qazlal Stormbringer
  9798 | D:8      | Learned a level 2 spell: Ensorcelled Hibernation
  9909 | D:9      | Reached * piety under Qazlal
 10046 | D:9      | Found an ancient bone altar of Kikubaaqudgha.
 10048 | D:9      | Found a white marble altar of Elyvilon.
 10048 | D:9      | Found a radiant altar of Vehumet.
 10048 | D:9      | Found a sacrificial altar of Ru.
 10066 | D:9      | Fell from the grace of Qazlal
 10066 | D:9      | Became a worshipper of Vehumet
 10391 | D:9      | Found a snail-covered altar of Cheibriados.
 10479 | D:10     | Entered Level 10 of the Dungeon
 10490 | D:10     | Noticed a water elemental
 10843 | D:10     | Noticed a cyclops
 11039 | D:10     | Reached * piety under Vehumet
 11039 | D:10     | Offered knowledge of Shock by Vehumet.
 11039 | D:10     | Reached skill level 13 in Spellcasting
 11492 | D:10     | Noticed a cyclops
 11759 | D:10     | HP: 2/51 [poisoned by a killer bee]
 11904 | D:10     | Reached skill level 1 in Fighting
 12023 | D:10     | Found a burning altar of Makhleb.
 12023 | D:10     | Noticed a blizzard demon
 12033 | D:10     | Found Ginublabiw's Weapon Emporium.
 12109 | D:10     | Found a staircase to the Orcish Mines.
 12160 | D:10     | Noticed a fire elemental
 12160 | D:10     | Noticed a water elemental
 12160 | D:10     | Noticed a water elemental
 12160 | D:10     | Found Caodd's Antique Weapon Emporium.
 12167 | D:10     | Found Dische Refao's Weapon Emporium.
 12173 | D:10     | Killed a water elemental
 12176 | D:10     | Killed a water elemental
 12178 | D:10     | HP: 2/52 [poisoned by a worker ant]
 12184 | D:10     | Reached XP level 11. HP: 2/56 MP: 1/30
 12186 | D:10     | HP: 2/56 [poisoned by a worker ant]
 12483 | D:10     | Found Hunt's Gadget Emporium.
 12954 | D:11     | Offered knowledge of Sandblast by Vehumet.
 12954 | D:11     | Reached skill level 14 in Spellcasting
 12985 | D:11     | Noticed a seven-headed hydra
 13184 | Lair:1   | Entered Level 1 of the Lair of Beasts
 13201 | Lair:1   | Reached ** piety under Vehumet
 13412 | Lair:1   | Noticed an air elemental
 13499 | Lair:2   | Noticed a water elemental
 13499 | Lair:2   | Noticed a water elemental
 13499 | Lair:2   | Noticed a water elemental
 13516 | Lair:1   | Slain by an air elemental

Action                   |  1- 3 |  4- 6 |  7- 9 | 10-12 || total
-------------------------+-------+-------+-------+-------++-------
Melee: Unarmed           |    19 |    14 |       |       ||    33
       Spear             |       |    44 |     8 |       ||    52
       Trident           |       |       |   147 |   104 ||   251
 Cast: Freeze            |    65 |    49 |   143 |    56 ||   313
       Throw Frost       |     2 |    37 |    59 |    27 ||   125
       Ozocubu's Armour  |       |     6 |    26 |    25 ||    57
       Summon Ice Beast  |       |       |    16 |    14 ||    30
       Condensation Shie |       |       |     2 |     5 ||     7
       Throw Icicle      |       |       |    11 |   131 ||   142
Evoke: Wand              |       |       |     3 |       ||     3
  Use: Scroll            |     1 |     1 |    10 |     9 ||    21
       Potion            |       |       |     5 |     5 ||    10
 Stab: Sleeping          |     4 |     1 |     7 |     1 ||    13
  Eat: Chunk             |     1 |     8 |    10 |     8 ||    27
       Bread ration      |       |       |     1 |     2 ||     3
